Blues vs Avalanche (R3)

Created - May 27, 2019 at 19:27

Goals
1 2 3 T
Blues 1 1 4 6
Avalanche 0 0 1 1
Shots
1 2 3 T
Blues 8 10 10 28
Avalanche 7 7 11 25

1st period

1. Blues , Bryce Lampman 3 (Jordan Eberle 6, Nicklas Backstrom 10) at 14:24 (PP)

Penalties :
Nick Leddy (STL) for Slashing (Minor) at 2:06, Patric Hornqvist (Col) for Hooking (Minor) at 2:19, Erik Karlsson (Col) for Hooking (Minor) at 12:55, Andrei Kostitsyn (Col) for Hooking (Minor) at 14:47, Johnny Boychuk (Col) for Cross-checking (Minor) at 19:05

2nd period

2. Blues , Brandon Yip 4 (Jake Gardiner 5, Maxim Lapierre 4) at 17:00

Penalties :
Jake Gardiner (STL) for Hooking (Minor) at 4:59, Nick Leddy (STL) for Hooking (Minor) at 8:38, Jamie Benn (STL) for Holding (Minor) at 14:48, Yann Sauvé (STL) for Hooking (Minor) at 17:54

3rd period

3. Blues , Filip Forsberg 6 (Sam Gagner 6, Sergei Shirokov 6) at 1:00 (PP)
4. Avalanche , Andrew Ladd 4 (Andrei Kostitsyn 4) at 3:48
5. Blues , Jake Gardiner 1 (Jamie Benn 1) at 3:52
6. Blues , Nicklas Backstrom 4 (Jake Gardiner 6) at 10:38
7. Blues , Jordan Eberle 5 (Nicklas Backstrom 11) at 14:48

Penalties :
Bryan Little (Col) for Hooking (Minor) at 0:22, Carey Price (STL) for Slashing (Minor) at 7:19 - Jamie Benn served the penalty, Mikkel Boedker (Col) for Holding (Minor) at 7:26, Nicklas Backstrom (STL) for Roughing (Minor) at 11:02, Yann Sauvé (STL) for Hooking (Minor) at 15:34

Goalie Stats

Carey Price (STL), 24 saves from 25 shots - (0.960), W, 7-2-0, 60:00 minutes
Semyon Varlamov (Col), 22 saves from 28 shots - (0.786), L, 7-3-0, 60:00 minutes

Players Stats for Blues

Player Name              G  A  P  +/- PIM S  H  SB GA TA FO     MP     PP MP  PK MP  
------------------------------------------------------------------------------------
Alex Pietrangelo         0  0  0   2  0   7  2  1  1  3  0/0    28:07   3:20   6:29 
Brandon Yip              1  0  1   1  0   1  1  0  0  0  0/0     7:06   0:06   0:00 
Bryce Lampman            1  0  1   1  0   2  3  1  0  0  0/0    24:40   3:25   6:37 
Cody Ceci                0  0  0   0  0   1  0  2  0  0  0/0    12:49   0:00   3:12 
David Perron             0  0  0   0  0   4  0  1  0  0  0/0    15:25   3:39   0:14 
Filip Forsberg           1  0  1   0  0   1  1  0  0  0  0/1     9:48   2:40   0:00 
Jake Gardiner            1  2  3   2  2   2  1  2  0  1  0/0    26:21   3:00   4:32 
Jamie Benn               0  1  1   2  2   0  0  0  0  0  1/1    15:38   0:06   1:39 
Jordan Eberle            1  1  2   2  0   2  1  1  1  1  3/3    24:59   3:31   6:27 
Maxim Lapierre           0  1  1   1  0   0  1  0  0  0  0/3    10:33   0:00   3:43 
Nick Leddy               0  0  0   0  4   0  1  2  1  0  0/0    13:38   3:08   0:00 
Nicklas Backstrom        1  2  3   2  2   4  2  2  0  1  20/34  19:55   3:39   0:00 
Patrick Kaleta           0  0  0   0  0   0  1  0  0  0  0/0    11:03   0:00   4:14 
Sam Gagner               0  1  1   0  0   0  0  0  0  0  3/7    12:20   2:46   1:35 
Sergei Shirokov          0  1  1   0  0   1  1  0  0  0  0/0    12:08   2:40   0:00 
Ted Purcell              0  0  0   1  0   1  1  0  0  0  1/1     6:45   0:00   0:00 
Travis Zajac             0  0  0   0  0   2  2  0  2  2  5/18   17:31   0:05   6:36 
Yann Sauvé               0  0  0   1  4   0  0  0  1  1  0/0    15:15   0:00   3:38 

Players Stats for Avalanche

Player Name              G  A  P  +/- PIM S  H  SB GA TA FO     MP     PP MP  PK MP  
------------------------------------------------------------------------------------
Alexander Radulov        0  0  0  -1  0   2  1  0  1  0  1/2    15:21   4:57   0:00 
Andrei Kostitsyn         0  1  1  -1  2   3  2  1  1  0  0/0    16:15   4:57   0:05 
Andrew Ladd              1  0  1   0  0   2  0  0  0  0  2/6    15:35   0:03   4:26 
Bryan Little             0  0  0  -1  2   6  3  1  2  0  23/38  23:01   7:14   1:39 
Chuck Kobasew            0  0  0  -1  0   4  0  0  1  0  0/0    11:45   0:03   4:21 
Damien Brunner           0  0  0   0  0   0  0  0  1  0  0/0     9:05   0:00   0:20 
Erik Karlsson            0  0  0  -2  2   0  0  2  0  0  0/0    21:16   7:38   0:13 
Jack Johnson             0  0  0  -2  0   1  1  0  0  1  0/0    23:36   7:38   2:13 
Johnny Boychuk           0  0  0  -1  2   0  1  0  1  2  0/0    13:28   0:00   1:43 
Kyle Turris              0  0  0   0  0   0  1  1  0  0  2/4     8:48   0:00   0:00 
Marc Staal               0  0  0   0  0   2  0  0  1  0  0/0    24:26   4:36   4:12 
Mattias Ekholm           0  0  0  -1  0   0  1  0  0  0  0/0    12:44   0:00   0:17 
Maxim Talbot             0  0  0  -1  0   2  0  0  0  0  2/2     8:11   0:00   1:39 
Mikkel Boedker           0  0  0  -1  2   3  4  0  0  2  1/1    20:48   7:16   0:00 
Patric Hornqvist         0  0  0  -1  2   0  2  0  1  1  0/2    18:43   7:13   0:00 
Paul Stastny             0  0  0  -1  0   0  0  0  0  0  4/12   15:31   4:57   0:00 
Pernell Karl Subban      0  0  0   0  0   0  2  2  0  0  0/0    24:48   4:36   4:12 
Ville Leino              0  0  0  -1  0   0  0  0  0  0  0/1     6:30   0:00   0:20 

3 Stars

1 - Nicklas Backstrom (STL)
2 - Jake Gardiner (STL)
3 - Jordan Eberle (STL)

Power Play

Blues - 2 on 6 Attempt(s) - 33.33%
Avalanche - 0 on 8 Attempt(s) - 0.00%

Penalty Kill

Blues - 8 on 8 Attempt(s) - 100.00% - Score 0 goal in Penalty Kill
Avalanche - 4 on 6 Attempt(s) - 66.67% - Score 0 goal in Penalty Kill

Team Stat

Blues - Hits : 18 - Faceoff Wins : 33 - Blocked Shots : 12 - Penalty Minutes : 16
Avalanche - Hits : 18 - Faceoff Wins : 35 - Blocked Shots : 7 - Penalty Minutes : 12

Official

Referees : Unknown
Linesman : Unknown

Game Notes

No Game Note

Finance

Level 1 -- Attendance: 6000 (100.00%) -- Ticket Income $534,000
Level 2 -- Attendance: 5000 (100.00%) -- Ticket Income $275,000
Level 3 -- Attendance: 2000 (100.00%) -- Ticket Income $66,000
Level 4 -- Attendance: 4000 (100.00%) -- Ticket Income $92,000
Luxury Box -- Attendance: 1000 (100.00%) -- Ticket Income $172,000
Game was played at the Pepsi Center.
Total Attendance: 18000 (100.00%)
Total Ticket Income: $1,139,000
Other Income: $170,850
Total Income: $1,309,850

Blues

5 vs 5 Forward 
   Center                   Left Wing                Right Wing               Time % Phy DF OF 
 1 Nicklas Backstrom        Jamie Benn               Jordan Eberle            40     1   2  2  
 2 Travis Zajac             David Perron             Sergei Shirokov          30     1   2  2  
 3 Sam Gagner               Filip Forsberg           Patrick Kaleta           20     1   2  2  
 4 Maxim Lapierre           Ted Purcell              Brandon Yip              10     1   2  2  

5 vs 5 Defense 
   Defense                  Defense                                           Time % Phy DF OF 
 1 Alex Pietrangelo         Jake Gardiner                                     40     1   2  2  
 2 Bryce Lampman            Yann Sauvé                                        30     1   2  2  
 3 Nick Leddy               Cody Ceci                                         20     1   2  2  
 4 Jake Gardiner            Bryce Lampman                                     10     1   2  2  

PowerPlay Forward 
   Center                   Left Wing                Right Wing               Time % Phy DF OF 
 1 Nicklas Backstrom        David Perron             Jordan Eberle            60     1   2  2  
 2 Sam Gagner               Filip Forsberg           Sergei Shirokov          40     1   2  2  

PowerPlay Defense
   Defense                  Defense                                           Time % Phy DF OF 
 1 Alex Pietrangelo         Jake Gardiner                                     60     1   2  2  
 2 Nick Leddy               Bryce Lampman                                     40     1   2  2  

Penalty Kill 4 Players Forward 
   Center                   Wing                     Time % Phy DF OF 
 1 Travis Zajac             Jordan Eberle            60     1   2  2  
 2 Maxim Lapierre           Patrick Kaleta           40     1   2  2  

Penalty Kill 4 Players Defense
   Defense                  Defense                  Time % Phy DF OF 
 1 Alex Pietrangelo         Bryce Lampman            60     1   2  2  
 2 Jake Gardiner            Yann Sauvé               40     1   2  2  

Penalty Kill - 3 Players Forward 
   Forward                                           Time % Phy DF OF 
 1 Maxim Lapierre                                    60     1   2  2  
 2 Travis Zajac                                      40     1   2  2  

Penalty Kill - 3 Players Defense
   Defense                  Defense                  Time % Phy DF OF 
 1 Alex Pietrangelo         Bryce Lampman            60     1   2  2  
 2 Jake Gardiner            Yann Sauvé               40     1   2  2  

4 vs 4 Forward 
   Center                   Wing                     Time % Phy DF OF 
 1 Nicklas Backstrom        David Perron             60     1   2  2  
 2 Travis Zajac             Jordan Eberle            40     1   2  2  

4 vs 4 Defense
   Defense                  Defense                  Time % Phy DF OF 
 1 Alex Pietrangelo         Bryce Lampman            60     1   2  2  
 2 Jake Gardiner            Yann Sauvé               40     1   2  2  

Last Minutes Offensive
   Center                   Left Wing                Right Wing               Defense                  Defense                  
   Nicklas Backstrom        David Perron             Jordan Eberle            Alex Pietrangelo         Jake Gardiner            

Last Minutes Defensive
   Center                   Left Wing                Right Wing               Defense                  Defense                  
   Travis Zajac             Ted Purcell              Jordan Eberle            Yann Sauvé               Bryce Lampman            

Goaltenders
Starting : Carey Price              
Backup : Ray Emery                

Extra Forwards
Normal : Sam Gagner, Brandon Yip, Patrick Kaleta - PP : Travis Zajac, Brandon Yip - PK : Patrick Kaleta
Extra Defensemen
Normal : Nick Leddy, Cody Ceci, Jake Gardiner - PP : Nick Leddy - PK : Cody Ceci, Jake Gardiner
Penalty Shots
David Perron, Ted Purcell, Jordan Eberle, Nicklas Backstrom, Jamie Benn

Scratches
Matthew Spiller (Healthy)

Avalanche

5 vs 5 Forward 
   Center                   Left Wing                Right Wing               Time % Phy DF OF 
 1 Bryan Little             Mikkel Boedker           Patric Hornqvist         35     1   2  2  
 2 Paul Stastny             Andrei Kostitsyn         Alexander Radulov        30     1   2  2  
 3 Kyle Turris              Andrew Ladd              Damien Brunner           25     1   2  2  
 4 Maxim Talbot             Ville Leino              Chuck Kobasew            10     1   2  2  

5 vs 5 Defense 
   Defense                  Defense                                           Time % Phy DF OF 
 1 Erik Karlsson            Jack Johnson                                      35     1   2  2  
 2 Marc Staal               Pernell Karl Subban                               35     1   2  2  
 3 Johnny Boychuk           Mattias Ekholm                                    30     1   2  2  
 4 Marc Staal               Mattias Ekholm                                    0      1   2  2  

PowerPlay Forward 
   Center                   Left Wing                Right Wing               Time % Phy DF OF 
 1 Bryan Little             Mikkel Boedker           Patric Hornqvist         60     1   2  2  
 2 Paul Stastny             Andrei Kostitsyn         Alexander Radulov        40     1   2  2  

PowerPlay Defense
   Defense                  Defense                                           Time % Phy DF OF 
 1 Erik Karlsson            Jack Johnson                                      60     1   2  2  
 2 Pernell Karl Subban      Marc Staal                                        40     1   2  2  

Penalty Kill 4 Players Forward 
   Center                   Wing                     Time % Phy DF OF 
 1 Andrew Ladd              Chuck Kobasew            60     1   2  2  
 2 Bryan Little             Maxim Talbot             40     1   2  2  

Penalty Kill 4 Players Defense
   Defense                  Defense                  Time % Phy DF OF 
 1 Pernell Karl Subban      Marc Staal               60     1   2  2  
 2 Jack Johnson             Johnny Boychuk           40     1   2  2  

Penalty Kill - 3 Players Forward 
   Forward                                           Time % Phy DF OF 
 1 Chuck Kobasew                                     60     1   2  2  
 2 Andrew Ladd                                       40     1   2  2  

Penalty Kill - 3 Players Defense
   Defense                  Defense                  Time % Phy DF OF 
 1 Marc Staal               Pernell Karl Subban      60     1   2  2  
 2 Jack Johnson             Johnny Boychuk           40     1   2  2  

4 vs 4 Forward 
   Center                   Wing                     Time % Phy DF OF 
 1 Bryan Little             Mikkel Boedker           60     1   2  2  
 2 Paul Stastny             Andrei Kostitsyn         40     1   2  2  

4 vs 4 Defense
   Defense                  Defense                  Time % Phy DF OF 
 1 Marc Staal               Pernell Karl Subban      60     1   2  2  
 2 Jack Johnson             Erik Karlsson            40     1   2  2  

Last Minutes Offensive
   Center                   Left Wing                Right Wing               Defense                  Defense                  
   Bryan Little             Mikkel Boedker           Alexander Radulov        Erik Karlsson            Jack Johnson             

Last Minutes Defensive
   Center                   Left Wing                Right Wing               Defense                  Defense                  
   Bryan Little             Andrew Ladd              Chuck Kobasew            Marc Staal               Jack Johnson             

Goaltenders
Starting : Semyon Varlamov          
Backup : Roberto Luongo           

Extra Forwards
Normal : Andrew Ladd, Alexander Radulov, Andrei Kostitsyn - PP : Andrew Ladd, Alexander Radulov - PK : Damien Brunner
Extra Defensemen
Normal : Marc Staal, Erik Karlsson, Pernell Karl Subban - PP : Pernell Karl Subban - PK : Jack Johnson, Pernell Karl Subban
Penalty Shots
Mikkel Boedker, Andrew Ladd, Paul Stastny, Bryan Little, Andrei Kostitsyn

Scratches
Dan Boyle (Healthy)

% Time on Ice - Blues

Lines # - Real PCT - Wanted PCT - Time Play
Normal Forward
1 - 39% - 40% - 14:41
2 - 25% - 30% - 9:33
3 - 18% - 20% - 6:44
4 - 18% - 10% - 6:45
Normal Defense
1 - 42% - 40% - 15:48
2 - 32% - 30% - 11:53
3 - 24% - 20% - 9:04
4 - 3% - 10% - 0:58
PP Forward
1 - 58% - 60% - 3:45
2 - 42% - 40% - 2:40
PP Defense
1 - 52% - 60% - 3:20
2 - 48% - 40% - 3:05
PK Forward
1 - 70% - 60% - 8:31
2 - 30% - 40% - 3:43
PK Defense
1 - 53% - 60% - 6:29
2 - 47% - 40% - 5:45
PK3 Forward
1 - 0% - 60%
2 - 0% - 40%
PK3 Defense
1 - 0% - 60%
2 - 0% - 40%
44 Forward
1 - 75% - 60% - 2:43
2 - 25% - 40% - 0:55
44 Defense
1 - 69% - 60% - 2:30
2 - 31% - 40% - 1:08
Last Minute Offensive  - 0:00
Last Minute Defensive  - 0:00
Total
Forward - 60:00
Defense - 60:00

% Time on Ice - Avalanche

Lines # - Real PCT - Wanted PCT - Time Play
Normal Forward
1 - 33% - 35% - 12:35
2 - 27% - 30% - 10:13
3 - 23% - 25% - 8:45
4 - 16% - 10% - 6:10
Normal Defense
1 - 35% - 35% - 13:05
2 - 34% - 35% - 12:47
3 - 31% - 30% - 11:38
4 - 1% - 0% - 0:13
PP Forward
1 - 60% - 60% - 7:17
2 - 40% - 40% - 4:57
PP Defense
1 - 62% - 60% - 7:38
2 - 38% - 40% - 4:36
PK Forward
1 - 74% - 60% - 4:46
2 - 26% - 40% - 1:39
PK Defense
1 - 65% - 60% - 4:12
2 - 35% - 40% - 2:13
PK3 Forward
1 - 0% - 60%
2 - 0% - 40%
PK3 Defense
1 - 0% - 60%
2 - 0% - 40%
44 Forward
1 - 80% - 60% - 2:55
2 - 20% - 40% - 0:43
44 Defense
1 - 70% - 60% - 2:32
2 - 30% - 40% - 1:06
Last Minute Offensive  - 0:00
Last Minute Defensive  - 0:00
Total
Forward - 60:00
Defense - 60:00

Play-by-Play

1st period


0:01 of 1st period - Bryan Little wins face-off versus Nicklas Backstrom in neutral zone.
0:10 of 1st period - Slapshot by Patric Hornqvist.
0:10 of 1st period - Shot Misses the Net.
0:26 of 1st period - Jack Johnson is hit by Alex Pietrangelo and loses puck.
0:50 of 1st period - Snap shot by Alex Pietrangelo.
0:50 of 1st period - Stopped by Semyon Varlamov without a rebound.
0:51 of 1st period - Maxim Talbot wins face-off versus Sam Gagner in Avalanche zone.
1:37 of 1st period - Wrist shot by Maxim Lapierre.
1:37 of 1st period - Shot Misses the Net.
1:59 of 1st period - Slapshot by Andrei Kostitsyn.
1:59 of 1st period - Shot Misses the Net.
2:01 of 1st period - Snap shot by Paul Stastny.
2:01 of 1st period - Shot Misses the Net.
2:03 of 1st period - Slapshot by Marc Staal.
2:03 of 1st period - Stopped by Carey Price without a rebound.
2:04 of 1st period - Nicklas Backstrom wins face-off versus Paul Stastny in Blues zone.
2:06 of 1st period - Minor Penalty to Nick Leddy for Slashing.
2:07 of 1st period - Travis Zajac wins face-off versus Bryan Little in Blues zone.
2:19 of 1st period - Minor Penalty to Patric Hornqvist for Hooking.
2:20 of 1st period - Bryan Little wins face-off versus Nicklas Backstrom in Avalanche zone.
2:37 of 1st period - Marc Staal is hit by Alex Pietrangelo and loses puck.
3:08 of 1st period - Marc Staal is hit by Nicklas Backstrom and loses puck.
3:15 of 1st period - Snap shot by Andrei Kostitsyn.
3:15 of 1st period - Shot Misses the Net.
3:37 of 1st period - Snap shot by Bryan Little.
3:37 of 1st period - Stopped by Carey Price without a rebound.
3:38 of 1st period - Bryan Little wins face-off versus Sam Gagner in Blues zone.
3:45 of 1st period - Snap shot by Bryan Little.
3:45 of 1st period - Deflect By Mikkel Boedker.
3:45 of 1st period - Shot Misses the Net.
3:45 of 1st period - Puck is out of play.
3:46 of 1st period - Nicklas Backstrom wins face-off versus Bryan Little in Blues zone.
3:46 of 1st period - Nicklas Backstrom is hit by Bryan Little.
4:00 of 1st period - Slapshot by Mikkel Boedker.
4:00 of 1st period - Shot Misses the Net.
4:02 of 1st period - Snap shot by Jack Johnson.
4:02 of 1st period - Shot Blocked by David Perron.
4:06 of 1st period - Penalty to Nick Leddy is over, Nick Leddy is back on ice.
4:16 of 1st period - Slapshot by Alex Pietrangelo.
4:16 of 1st period - Shot Misses the Net.
4:18 of 1st period - Slapshot by Bryce Lampman.
4:18 of 1st period - Stopped by Semyon Varlamov with a rebound.
4:19 of 1st period - Penalty to Patric Hornqvist is over, Patric Hornqvist is back on ice.
4:20 of 1st period - Slapshot by Alex Pietrangelo.
4:20 of 1st period - Stopped by Semyon Varlamov with a rebound.
4:22 of 1st period - Snap shot by Filip Forsberg.
4:22 of 1st period - Shot Misses the Net.
4:24 of 1st period - Slapshot by Sam Gagner.
4:24 of 1st period - Deflect By Sergei Shirokov.
4:24 of 1st period - Shot Blocked by Erik Karlsson.
4:24 of 1st period - Puck is out of play.
4:25 of 1st period - Paul Stastny wins face-off versus Nicklas Backstrom in Avalanche zone.
6:00 of 1st period - Paul Stastny is hit by Patrick Kaleta and loses puck.
6:09 of 1st period - Wrist shot by Erik Karlsson.
6:09 of 1st period - Shot Blocked by Cody Ceci.
6:11 of 1st period - Slapshot by Erik Karlsson.
6:11 of 1st period - Shot Blocked by Cody Ceci.
6:43 of 1st period - Snap shot by Sergei Shirokov.
6:43 of 1st period - Stopped by Semyon Varlamov with a rebound.
6:45 of 1st period - Snap shot by Travis Zajac.
6:45 of 1st period - Shot Misses the Net.
6:47 of 1st period - Slapshot by Travis Zajac.
6:47 of 1st period - Shot Misses the Net.
6:57 of 1st period - Sam Gagner is hit by Mattias Ekholm and loses puck.
7:10 of 1st period - Wrist shot by Ville Leino.
7:10 of 1st period - Shot Misses the Net.
7:17 of 1st period - Icing by Alex Pietrangelo.
7:18 of 1st period - Paul Stastny wins face-off versus Maxim Lapierre in Blues zone.
8:21 of 1st period - Wrist shot by Nicklas Backstrom.
8:21 of 1st period - Shot Misses the Net.
8:59 of 1st period - Snap shot by Alexander Radulov.
8:59 of 1st period - Stopped by Carey Price without a rebound.
9:00 of 1st period - Nicklas Backstrom wins face-off versus Bryan Little in Blues zone.
9:09 of 1st period - Snap shot by Bryan Little.
9:09 of 1st period - Stopped by Carey Price without a rebound.
9:10 of 1st period - Bryan Little wins face-off versus Nicklas Backstrom in Blues zone.
9:23 of 1st period - Snap shot by Bryan Little.
9:23 of 1st period - Deflect By Bryce Lampman.
9:23 of 1st period - Shot Blocked by Nicklas Backstrom.
9:23 of 1st period - Puck is out of play.
9:24 of 1st period - Paul Stastny wins face-off versus Travis Zajac in Blues zone.
10:41 of 1st period - Snap shot by Chuck Kobasew.
10:41 of 1st period - Stopped by Carey Price without a rebound.
10:42 of 1st period - Ted Purcell wins face-off versus Ville Leino in Blues zone.
11:13 of 1st period - Snap shot by Ville Leino.
11:13 of 1st period - Shot Misses the Net.
11:15 of 1st period - Slapshot by Mattias Ekholm.
11:15 of 1st period - Shot Misses the Net.
11:17 of 1st period - Snap shot by Maxim Talbot.
11:17 of 1st period - Stopped by Carey Price without a rebound.
11:18 of 1st period - Nicklas Backstrom wins face-off versus Bryan Little in Blues zone.
11:25 of 1st period - Wrist shot by Mikkel Boedker.
11:25 of 1st period - Shot Misses the Net.
12:15 of 1st period - Wrist shot by Sergei Shirokov.
12:15 of 1st period - Deflect By David Perron.
12:15 of 1st period - Stopped by Semyon Varlamov without a rebound.
12:16 of 1st period - Bryan Little wins face-off versus Travis Zajac in Avalanche zone.
12:29 of 1st period - Snap shot by Travis Zajac.
12:29 of 1st period - Stopped by Semyon Varlamov with a rebound.
12:31 of 1st period - Wrist shot by David Perron.
12:31 of 1st period - Shot Misses the Net.
12:33 of 1st period - Wrist shot by Travis Zajac.
12:33 of 1st period - Deflect By David Perron.
12:33 of 1st period - Shot Misses the Net.
12:33 of 1st period - Puck is out of play.
12:34 of 1st period - Sam Gagner wins face-off versus Paul Stastny in Avalanche zone.
12:55 of 1st period - Minor Penalty to Erik Karlsson for Hooking.
12:56 of 1st period - Nicklas Backstrom wins face-off versus Andrew Ladd in Avalanche zone.
13:50 of 1st period - David Perron is hit by Jack Johnson and loses puck.
14:05 of 1st period - Johnny Boychuk is hit by Nicklas Backstrom and loses puck.
14:22 of 1st period - Snap shot by Jordan Eberle.
14:22 of 1st period - Shot Misses the Net.
14:24 of 1st period - Snap shot by Bryce Lampman.
14:24 of 1st period - Goal by Bryce Lampman - Blues : 1 - Avalanche : 0.
14:25 of 1st period - Sam Gagner wins face-off versus Bryan Little in neutral zone.
14:36 of 1st period - Slapshot by Patrick Kaleta.
14:36 of 1st period - Shot Misses the Net.
14:40 of 1st period - Slapshot by Sam Gagner.
14:40 of 1st period - Shot Misses the Net.
14:47 of 1st period - Minor Penalty to Andrei Kostitsyn for Hooking.
14:48 of 1st period - Nicklas Backstrom wins face-off versus Andrew Ladd in Avalanche zone.
15:23 of 1st period - Slapshot by Alex Pietrangelo.
15:23 of 1st period - Shot Blocked by Pernell Karl Subban.
15:25 of 1st period - Slapshot by Jake Gardiner.
15:25 of 1st period - Shot Blocked by Pernell Karl Subban.
15:59 of 1st period - Bryce Lampman is hit by Bryan Little and loses puck.
16:47 of 1st period - Penalty to Andrei Kostitsyn is over, Andrei Kostitsyn is back on ice.
17:44 of 1st period - Travis Zajac is hit by Alexander Radulov.
18:04 of 1st period - Snap shot by Maxim Talbot.
18:04 of 1st period - Stopped by Carey Price without a rebound.
18:05 of 1st period - Sam Gagner wins face-off versus Paul Stastny in Blues zone.
18:05 of 1st period - Sam Gagner is hit by Andrei Kostitsyn.
19:05 of 1st period - Minor Penalty to Johnny Boychuk for Cross-checking.
19:06 of 1st period - Andrew Ladd wins face-off versus Nicklas Backstrom in Avalanche zone.
19:18 of 1st period - Snap shot by Nicklas Backstrom.
19:18 of 1st period - Stopped by Semyon Varlamov with a rebound.
19:20 of 1st period - Slapshot by Nick Leddy.
19:20 of 1st period - Shot Misses the Net.
19:22 of 1st period - Snap shot by David Perron.
19:22 of 1st period - Shot Misses the Net.
Goals for this period are 1 for Blues vs 0 for Avalanche.
Shots for this period are 8 for Blues vs 7 for Avalanche.

2nd period


0:01 of 2nd period - Andrew Ladd wins face-off versus Nicklas Backstrom in neutral zone.
0:26 of 2nd period - Sergei Shirokov is hit by Bryan Little.
1:05 of 2nd period - Penalty to Johnny Boychuk is over, Johnny Boychuk is back on ice.
1:14 of 2nd period - Snap shot by Ted Purcell.
1:14 of 2nd period - Stopped by Semyon Varlamov with a rebound.
1:34 of 2nd period - Snap shot by Paul Stastny.
1:34 of 2nd period - Shot Misses the Net.
2:04 of 2nd period - Patrick Kaleta is hit by Mikkel Boedker and loses puck.
2:35 of 2nd period - Slapshot by Jordan Eberle.
2:35 of 2nd period - Stopped by Semyon Varlamov without a rebound.
2:36 of 2nd period - Kyle Turris wins face-off versus Nicklas Backstrom in Avalanche zone.
2:43 of 2nd period - Off-side.
2:44 of 2nd period - Kyle Turris wins face-off versus Nicklas Backstrom in neutral zone.
3:13 of 2nd period - Nick Leddy is hit by Pernell Karl Subban and loses puck.
3:24 of 2nd period - Snap shot by Jordan Eberle.
3:24 of 2nd period - Shot Misses the Net.
3:30 of 2nd period - Slapshot by Nicklas Backstrom.
3:30 of 2nd period - Stopped by Semyon Varlamov without a rebound.
3:31 of 2nd period - Bryan Little wins face-off versus Travis Zajac in Avalanche zone.
3:44 of 2nd period - Slapshot by Alex Pietrangelo.
3:44 of 2nd period - Shot Misses the Net.
3:46 of 2nd period - Snap shot by Alex Pietrangelo.
3:46 of 2nd period - Stopped by Semyon Varlamov with a rebound.
3:48 of 2nd period - Slapshot by Alex Pietrangelo.
3:48 of 2nd period - Stopped by Semyon Varlamov without a rebound.
3:49 of 2nd period - Paul Stastny wins face-off versus Filip Forsberg in Avalanche zone.
4:35 of 2nd period - Slapshot by Alex Pietrangelo.
4:35 of 2nd period - Stopped by Semyon Varlamov without a rebound.
4:36 of 2nd period - Nicklas Backstrom wins face-off versus Kyle Turris in Avalanche zone.
4:37 of 2nd period - Slapshot by Jordan Eberle.
4:37 of 2nd period - Shot Misses the Net.
4:39 of 2nd period - Slapshot by Jake Gardiner.
4:39 of 2nd period - Shot Misses the Net.
4:59 of 2nd period - Minor Penalty to Jake Gardiner for Hooking.
5:00 of 2nd period - Bryan Little wins face-off versus Travis Zajac in Blues zone.
5:15 of 2nd period - Slapshot by Bryan Little.
5:15 of 2nd period - Stopped by Carey Price with a rebound.
5:58 of 2nd period - Patrick Kaleta is hit by Pernell Karl Subban and loses puck.
6:56 of 2nd period - Bryce Lampman is hit by Patric Hornqvist and loses puck.
6:59 of 2nd period - Penalty to Jake Gardiner is over, Jake Gardiner is back on ice.
7:07 of 2nd period - Slapshot by Travis Zajac.
7:07 of 2nd period - Stopped by Semyon Varlamov with a rebound.
8:19 of 2nd period - Wrist shot by Andrei Kostitsyn.
8:19 of 2nd period - Stopped by Carey Price with a rebound.
8:21 of 2nd period - Wrist shot by Alexander Radulov.
8:21 of 2nd period - Deflect By Nick Leddy.
8:21 of 2nd period - Shot Blocked by Nick Leddy.
8:21 of 2nd period - Puck is out of play.
8:22 of 2nd period - Alexander Radulov wins face-off versus Sam Gagner in Blues zone.
8:38 of 2nd period - Minor Penalty to Nick Leddy for Hooking.
8:39 of 2nd period - Bryan Little wins face-off versus Maxim Lapierre in Blues zone.
9:25 of 2nd period - Slapshot by Bryan Little.
9:25 of 2nd period - Stopped by Carey Price without a rebound.
9:26 of 2nd period - Travis Zajac wins face-off versus Paul Stastny in Blues zone.
10:02 of 2nd period - Pernell Karl Subban is hit by Bryce Lampman and loses puck.
10:31 of 2nd period - Slapshot by Alex Pietrangelo.
10:31 of 2nd period - Stopped by Semyon Varlamov without a rebound.
10:32 of 2nd period - Bryan Little wins face-off versus Travis Zajac in Avalanche zone.
10:38 of 2nd period - Penalty to Nick Leddy is over, Nick Leddy is back on ice.
11:12 of 2nd period - Mattias Ekholm is hit by Nick Leddy and loses puck.
11:33 of 2nd period - Icing by Jordan Eberle.
11:34 of 2nd period - Nicklas Backstrom wins face-off versus Paul Stastny in Blues zone.
11:43 of 2nd period - Off-side.
11:44 of 2nd period - Bryan Little wins face-off versus Travis Zajac in neutral zone.
11:49 of 2nd period - Alex Pietrangelo is hit by Patric Hornqvist and loses puck.
12:41 of 2nd period - Chuck Kobasew is hit by Jordan Eberle and loses puck.
13:00 of 2nd period - Slapshot by Johnny Boychuk.
13:00 of 2nd period - Shot Blocked by Jake Gardiner.
13:14 of 2nd period - Wrist shot by David Perron.
13:14 of 2nd period - Stopped by Semyon Varlamov without a rebound.
13:15 of 2nd period - Bryan Little wins face-off versus Travis Zajac in Avalanche zone.
14:06 of 2nd period - Pernell Karl Subban is hit by Ted Purcell and loses puck.
14:29 of 2nd period - Snap shot by Chuck Kobasew.
14:29 of 2nd period - Stopped by Carey Price without a rebound.
14:30 of 2nd period - Bryan Little wins face-off versus Travis Zajac in Blues zone.
14:31 of 2nd period - Snap shot by Mikkel Boedker.
14:31 of 2nd period - Stopped by Carey Price with a rebound.
14:43 of 2nd period - Snap shot by Bryan Little.
14:43 of 2nd period - Shot Misses the Net.
14:45 of 2nd period - Wrist shot by Mikkel Boedker.
14:45 of 2nd period - Stopped by Carey Price without a rebound.
14:46 of 2nd period - Nicklas Backstrom wins face-off versus Paul Stastny in Blues zone.
14:48 of 2nd period - Minor Penalty to Jamie Benn for Holding.
14:49 of 2nd period - Bryan Little wins face-off versus Travis Zajac in Blues zone.
15:03 of 2nd period - Wrist shot by Patric Hornqvist.
15:03 of 2nd period - Deflect By Bryce Lampman.
15:03 of 2nd period - Shot Blocked by Jordan Eberle.
15:03 of 2nd period - Puck is out of play.
15:04 of 2nd period - Jordan Eberle wins face-off versus Bryan Little in Blues zone.
16:45 of 2nd period - Jake Gardiner is hit by Mikkel Boedker and loses puck.
16:48 of 2nd period - Penalty to Jamie Benn is over, Jamie Benn is back on ice.
17:00 of 2nd period - Wrist shot by Brandon Yip.
17:00 of 2nd period - Goal by Brandon Yip - Blues : 2 - Avalanche : 0.
17:01 of 2nd period - Nicklas Backstrom wins face-off versus Paul Stastny in neutral zone.
17:01 of 2nd period - Jordan Eberle is hit by Johnny Boychuk and loses puck.
17:16 of 2nd period - Wrist shot by Andrei Kostitsyn.
17:16 of 2nd period - Stopped by Carey Price with a rebound.
17:18 of 2nd period - Snap shot by Johnny Boychuk.
17:18 of 2nd period - Shot Blocked by Alex Pietrangelo.
17:36 of 2nd period - Kyle Turris is hit by Travis Zajac and loses puck.
17:54 of 2nd period - Minor Penalty to Yann Sauvé for Hooking.
17:55 of 2nd period - Jordan Eberle wins face-off versus Bryan Little in Blues zone.
17:55 of 2nd period - Jordan Eberle is hit by Mikkel Boedker.
18:01 of 2nd period - Wrist shot by Mikkel Boedker.
18:01 of 2nd period - Shot Misses the Net.
19:54 of 2nd period - Penalty to Yann Sauvé is over, Yann Sauvé is back on ice.
Goals for this period are 1 for Blues vs 0 for Avalanche.
Shots for this period are 10 for Blues vs 7 for Avalanche.

3rd period


0:01 of 3rd period - Bryan Little wins face-off versus Nicklas Backstrom in neutral zone.
0:22 of 3rd period - Minor Penalty to Bryan Little for Hooking.
0:23 of 3rd period - Nicklas Backstrom wins face-off versus Andrew Ladd in Avalanche zone.
1:00 of 3rd period - Wrist shot by Filip Forsberg.
1:00 of 3rd period - Goal by Filip Forsberg - Blues : 3 - Avalanche : 0.
1:01 of 3rd period - Nicklas Backstrom wins face-off versus Bryan Little in neutral zone.
1:37 of 3rd period - Slapshot by Alexander Radulov.
1:37 of 3rd period - Stopped by Carey Price without a rebound.
1:38 of 3rd period - Bryan Little wins face-off versus Travis Zajac in Blues zone.
1:43 of 3rd period - Snap shot by Bryan Little.
1:43 of 3rd period - Stopped by Carey Price with a rebound.
2:36 of 3rd period - Icing by Maxim Talbot.
2:37 of 3rd period - Maxim Talbot wins face-off versus Travis Zajac in Avalanche zone.
3:04 of 3rd period - Wrist shot by Ville Leino.
3:04 of 3rd period - Shot Blocked by Jake Gardiner.
3:06 of 3rd period - Slapshot by Jack Johnson.
3:06 of 3rd period - Stopped by Carey Price without a rebound.
3:07 of 3rd period - Jordan Eberle wins face-off versus Bryan Little in Blues zone.
3:18 of 3rd period - Snap shot by Nicklas Backstrom.
3:18 of 3rd period - Stopped by Semyon Varlamov with a rebound.
3:20 of 3rd period - Snap shot by Jamie Benn.
3:20 of 3rd period - Deflect By Patric Hornqvist.
3:20 of 3rd period - Shot Blocked by Bryan Little.
3:20 of 3rd period - Puck is out of play.
3:21 of 3rd period - Nicklas Backstrom wins face-off versus Patric Hornqvist in Avalanche zone.
3:48 of 3rd period - Snap shot by Andrew Ladd.
3:48 of 3rd period - Goal by Andrew Ladd - Blues : 3 - Avalanche : 1.
3:49 of 3rd period - Jamie Benn wins face-off versus Bryan Little in neutral zone.
3:52 of 3rd period - Slapshot by Jake Gardiner.
3:52 of 3rd period - Goal by Jake Gardiner - Blues : 4 - Avalanche : 1.
3:53 of 3rd period - Bryan Little wins face-off versus Nicklas Backstrom in neutral zone.
4:44 of 3rd period - Yann Sauvé is hit by Kyle Turris and loses puck.
5:46 of 3rd period - Andrew Ladd is hit by Travis Zajac and loses puck.
5:53 of 3rd period - Wrist shot by David Perron.
5:53 of 3rd period - Shot Blocked by Kyle Turris.
5:55 of 3rd period - Snap shot by Cody Ceci.
5:55 of 3rd period - Deflect By Travis Zajac.
5:55 of 3rd period - Shot Blocked by Erik Karlsson.
5:55 of 3rd period - Puck is out of play.
5:56 of 3rd period - Nicklas Backstrom wins face-off versus Bryan Little in Avalanche zone.
6:01 of 3rd period - Snap shot by Nicklas Backstrom.
6:01 of 3rd period - Shot Misses the Net.
6:23 of 3rd period - Mattias Ekholm is hit by Sergei Shirokov and loses puck.
6:32 of 3rd period - Snap shot by Sergei Shirokov.
6:32 of 3rd period - Shot Blocked by Andrei Kostitsyn.
6:34 of 3rd period - Slapshot by Cody Ceci.
6:34 of 3rd period - Stopped by Semyon Varlamov with a rebound.
7:07 of 3rd period - Wrist shot by Ville Leino.
7:07 of 3rd period - Shot Blocked by Bryce Lampman.
7:09 of 3rd period - Wrist shot by Chuck Kobasew.
7:09 of 3rd period - Stopped by Carey Price without a rebound.
7:10 of 3rd period - Mikkel Boedker wins face-off versus Nicklas Backstrom in Blues zone.
7:15 of 3rd period - Slapshot by Patric Hornqvist.
7:15 of 3rd period - Shot Blocked by Nicklas Backstrom.
7:19 of 3rd period - Wrist shot by Bryan Little.
7:19 of 3rd period - Stopped by Carey Price without a rebound.
7:19 of 3rd period - Minor Penalty to Carey Price for Slashing.
7:20 of 3rd period - Travis Zajac wins face-off versus Bryan Little in Blues zone.
7:26 of 3rd period - Minor Penalty to Mikkel Boedker for Holding.
7:27 of 3rd period - Bryan Little wins face-off versus Nicklas Backstrom in Avalanche zone.
7:37 of 3rd period - Snap shot by David Perron.
7:37 of 3rd period - Deflect By Nicklas Backstrom.
7:37 of 3rd period - Shot Misses the Net.
7:37 of 3rd period - Puck is out of play.
7:38 of 3rd period - Nicklas Backstrom wins face-off versus Bryan Little in Avalanche zone.
7:39 of 3rd period - Slapshot by David Perron.
7:39 of 3rd period - Stopped by Semyon Varlamov without a rebound.
7:40 of 3rd period - Nicklas Backstrom wins face-off versus Andrew Ladd in Avalanche zone.
7:43 of 3rd period - Slapshot by Alex Pietrangelo.
7:43 of 3rd period - Deflect By Marc Staal.
7:43 of 3rd period - Stopped by Semyon Varlamov without a rebound.
7:44 of 3rd period - Nicklas Backstrom wins face-off versus Bryan Little in Avalanche zone.
7:45 of 3rd period - Snap shot by David Perron.
7:45 of 3rd period - Deflect By Bryan Little.
7:45 of 3rd period - Stopped by Semyon Varlamov without a rebound.
7:46 of 3rd period - Bryan Little wins face-off versus Nicklas Backstrom in Avalanche zone.
7:56 of 3rd period - Bryan Little is hit by Bryce Lampman and loses puck.
8:25 of 3rd period - Wrist shot by Andrew Ladd.
8:25 of 3rd period - Shot Misses the Net.
8:27 of 3rd period - Wrist shot by Andrew Ladd.
8:27 of 3rd period - Stopped by Carey Price without a rebound.
8:28 of 3rd period - Nicklas Backstrom wins face-off versus Bryan Little in Blues zone.
8:55 of 3rd period - Andrei Kostitsyn is hit by Jake Gardiner and loses puck.
9:19 of 3rd period - Penalty to Jamie Benn is over, Jamie Benn is back on ice.
9:20 of 3rd period - Andrew Ladd is hit by Bryce Lampman.
9:26 of 3rd period - Penalty to Mikkel Boedker is over, Mikkel Boedker is back on ice.
9:32 of 3rd period - Mikkel Boedker is hit by Filip Forsberg and loses puck.
9:47 of 3rd period - Chuck Kobasew is hit by Brandon Yip and loses puck.
10:14 of 3rd period - Snap shot by Mikkel Boedker.
10:14 of 3rd period - Stopped by Carey Price with a rebound.
10:16 of 3rd period - Slapshot by Pernell Karl Subban.
10:16 of 3rd period - Shot Misses the Net.
10:28 of 3rd period - Wrist shot by Chuck Kobasew.
10:28 of 3rd period - Stopped by Carey Price with a rebound.
10:30 of 3rd period - Snap shot by Marc Staal.
10:30 of 3rd period - Stopped by Carey Price without a rebound.
10:31 of 3rd period - Nicklas Backstrom wins face-off versus Paul Stastny in Blues zone.
10:36 of 3rd period - Slapshot by Jake Gardiner.
10:36 of 3rd period - Stopped by Semyon Varlamov with a rebound.
10:38 of 3rd period - Wrist shot by Nicklas Backstrom.
10:38 of 3rd period - Goal by Nicklas Backstrom - Blues : 5 - Avalanche : 1.
10:39 of 3rd period - Nicklas Backstrom wins face-off versus Alexander Radulov in neutral zone.
11:02 of 3rd period - Minor Penalty to Nicklas Backstrom for Roughing.
11:03 of 3rd period - Bryan Little wins face-off versus Travis Zajac in Blues zone.
12:12 of 3rd period - Patric Hornqvist is hit by Maxim Lapierre and loses puck.
13:02 of 3rd period - Penalty to Nicklas Backstrom is over, Nicklas Backstrom is back on ice.
13:36 of 3rd period - Wrist shot by Sam Gagner.
13:36 of 3rd period - Deflect By Nicklas Backstrom.
13:36 of 3rd period - Shot Misses the Net.
13:36 of 3rd period - Puck is out of play.
13:37 of 3rd period - Travis Zajac wins face-off versus Kyle Turris in Avalanche zone.
14:06 of 3rd period - Wrist shot by Patric Hornqvist.
14:06 of 3rd period - Shot Blocked by Nick Leddy.
14:36 of 3rd period - Wrist shot by Alexander Radulov.
14:36 of 3rd period - Shot Misses the Net.
14:48 of 3rd period - Wrist shot by Jordan Eberle.
14:48 of 3rd period - Goal by Jordan Eberle - Blues : 6 - Avalanche : 1.
14:49 of 3rd period - Bryan Little wins face-off versus Travis Zajac in neutral zone.
15:27 of 3rd period - Snap shot by Andrei Kostitsyn.
15:27 of 3rd period - Stopped by Carey Price without a rebound.
15:28 of 3rd period - Bryan Little wins face-off versus Sam Gagner in Blues zone.
15:34 of 3rd period - Minor Penalty to Yann Sauvé for Hooking.
15:35 of 3rd period - Travis Zajac wins face-off versus Patric Hornqvist in Blues zone.
16:09 of 3rd period - Patrick Kaleta is hit by Andrei Kostitsyn and loses puck.
16:24 of 3rd period - Jordan Eberle is hit by Mikkel Boedker and loses puck.
16:48 of 3rd period - Off-side.
16:49 of 3rd period - Bryan Little wins face-off versus Maxim Lapierre in neutral zone.
17:34 of 3rd period - Penalty to Yann Sauvé is over, Yann Sauvé is back on ice.
19:35 of 3rd period - Off-side.
19:36 of 3rd period - Bryan Little wins face-off versus Nicklas Backstrom in neutral zone.
Goals for this period are 4 for Blues vs 1 for Avalanche.
Shots for this period are 10 for Blues vs 11 for Avalanche.